Map: Dusty Gorge

Players

PureLegacy - Winner!

  • Race: Terran Terran
  • Spawn Location: 11:00

NeZloben - Winner!

  • Race: Protoss Protoss
  • League: Master
  • Spawn Location: 9:00

IIIIIIIII

  • Race: Terran Terran
  • League: Master
  • Spawn Location: 5:00

Newo

  • Race: Terran Terran
  • League: Diamond
  • Spawn Location: 3:00

VOD

Have the link to the VOD?

Description

Time

  • Played on: Nov. 29, 2018, 12:41 p.m.
  • Length: 10:07
Show
View Real Time Build Order
Export as new Build Order

PureLegacy Terran - Winner!

Build Orders:  

Get SALT Encoding   

  12  0:00  SCV  
  13  0:13  SCV  
  14  0:19  Supply Depot  
  14  0:25  SCV  
  15  0:29  Refinery  
  15  0:40  SCV  
  16  0:45  Barracks  
  16  0:52  SCV  
  17  1:02  Barracks  
  17  1:17  Barracks  
  17  1:21  SCV  
  18  1:33  Reaper  
  18  1:39  Orbital Command  
  19  1:48  Refinery  
  19  1:50  Reaper  
  20  1:58  Supply Depot  
  20  2:05  Reaper  
  21  2:09  Reaper  
  21  2:13  SCV  
  23  2:22  Reaper  
  24  2:25  SCV  
  25  2:37  Reaper, SCV  
  25  2:38  Supply Depot  
  25  2:43  Reaper  
  28  2:51  SCV  
  29  2:57  Reaper  
  30  3:09  Reaper  
  30  3:10  SCV  
  32  3:20  Reaper, Command Center  
  32  3:22  SCV  
  33  3:37  Reaper  
  33  3:38  SCV  
  35  3:46  Barracks  
  35  3:47  Barracks, Reaper  
  36  3:51  SCV  
  37  4:05  Supply Depot  
  37  4:06  SCV  
  34  4:19  Barracks Reactor x2  
  34  4:20  Barracks Tech Lab  
  34  4:21  SCV  
  34  4:25  Factory, Barracks Reactor  
  34  4:34  Orbital Command  
  34  4:39  Marine x2  
  34  4:40  Marine  
  34  4:41  Stimpack  
  34  4:43  SCV  
  38  5:00  SCV x2  
  38  5:06  Marine x6  
  43  5:07  Marine  
  43  5:11  Factory Reactor, Starport  
  43  5:14  SCV x2  
  46  5:28  SCV x2  
  47  5:35  Barracks Reactor x2  
  47  5:36  Marine x2  
  47  5:41  SCV x2  
  47  5:42  Refinery  
  50  5:43  Marine x2  
  50  5:44  Refinery  
  50  5:46  Supply Depot, Engineering Bay  
  50  5:47  Marine  
  52  5:53  SCV x2  
  54  5:57  Marine x2  
  54  6:01  Medivac  
  54  6:02  Factory Tech Lab, Medivac  
  60  6:07  SCV x2  
  62  6:16  Marine  
  62  6:17  Marine x2  
  68  6:18  Terran Infantry Weapons Level 1  
  69  6:33  Supply Depot x2, Siege Tank  
  69  6:35  Supply Depot, SCV x2  
  70  6:42  Combat Shield  
  70  6:54  Marine x7  
  70  6:55  Medivac x2, SCV x2  
  70  6:57  Marine  
  84  7:01  Supply Depot  
  84  7:18  Marine x6  
  84  7:20  Marine x2  
  92  7:25  Medivac x2  
  91  7:32  Marine  
  91  7:33  Siege Tank  
  91  7:35  Command Center  
  91  7:44  Armory  
  91  7:47  Engineering Bay  
  91  7:53  SCV x2  
  91  7:55  Supply Depot  
  91  7:56  Supply Depot  
  93  8:05  Marine x6  
  96  8:06  Marine x3  
  102  8:13  Supply Depot  
  102  8:16  SCV x2  
  104  8:28  SCV x2  
  104  8:30  Supply Depot  
  103  8:47  Marine x2  
  103  8:55  Marine x2  
  88  8:58  Marine  
  88  8:59  Marine x4  
  88  9:00  Orbital Command  
  87  9:03  SCV x2  
  87  9:05  Factory, Marine  
  87  9:09  Refinery  
  90  9:11  Refinery  
  90  9:12  Sensor Tower, Siege Tank  
  90  9:15  SCV x2  
  95  9:18  Marine x2  
  95  9:19  Marine x3  
  95  9:21  Marine  
  95  9:23  Marine  
  102  9:25  SCV  
  102  9:27  SCV x2  
  105  9:38  SCV  
  106  9:39  SCV  
  106  9:40  SCV  
  106  9:44  Marine x2  
  106  9:45  Marine x6  
  116  9:47  Marine  
  116  9:50  Factory Tech Lab, SCV  
  121  10:03  Supply Depot  
  121  10:05  Supply Depot  
Show
View Real Time Build Order
Export as new Build Order

NeZloben Protoss - Winner!

Build Orders:  

Get SALT Encoding   

  12  0:01  Probe  
  13  0:13  Probe  
  14  0:19  Pylon  
  14  0:25  Probe  
  15  0:37  Probe  
  15  0:41  Gateway  
  16  0:45  Probe  
  16  0:47  Assimilator  
  17  0:53  Probe  
  17  1:02  Assimilator  
  18  1:06  Probe  
  18  1:10  Assimilator  
  19  1:19  Assimilator  
  19  1:20  Probe  
  20  1:32  Probe  
  21  1:40  Cybernetics Core, Pylon  
  21  1:44  Probe  
  22  1:56  Probe  
  22  2:14  Nexus  
  22  2:25  Stargate  
  22  2:27  Probe  
  23  2:39  Probe  
  23  2:44  Stalker  
  26  2:51  Probe  
  27  3:04  Void Ray  
  27  3:05  Assimilator  
  28  3:18  Pylon  
  31  3:30  Stargate  
  31  3:34  Probe x2  
  33  3:44  Void Ray  
  33  3:46  Probe x2  
  39  4:02  Shield Battery  
  39  4:08  Void Ray  
  39  4:10  Probe x2  
  41  4:22  Probe  
  46  4:24  Probe  
  46  4:29  Void Ray  
  47  4:34  Probe  
  48  4:43  Probe  
  53  4:46  Probe  
  53  4:50  Protoss Air Weapons Level 1  
  53  4:51  Shield Battery  
  54  4:54  Pylon  
  54  5:03  Pylon  
  54  5:10  Pylon  
  54  5:17  Void Ray  
  58  5:51  Void Ray  
  58  5:52  Probe  
  58  5:55  Assimilator, Probe  
  64  6:00  Forge  
  64  6:18  Shield Battery  
  64  6:21  Shield Battery  
  64  6:22  Protoss Shields Level 1, Pylon  
  64  6:41  Fleet Beacon  
  60  6:51  Void Ray x2  
  68  6:54  Probe x2  
  68  6:59  Protoss Air Armor Level 1  
  70  7:02  Nexus  
  70  7:05  Pylon  
  70  7:10  Probe x2  
  72  7:16  Pylon  
  72  7:33  Stargate  
  72  7:36  Photon Cannon  
  72  7:38  Photon Cannon  
  72  7:40  Shield Battery x2  
  72  7:43  Pylon  
  72  7:52  Probe x2  
  74  7:59  Carrier  
  80  8:06  Probe  
  80  8:07  Carrier, Probe  
  86  8:29  Carrier  
  92  8:44  Photon Cannon  
  92  8:45  Photon Cannon  
  92  8:58  Probe x2  
  92  9:00  Probe, Pylon  
  92  9:02  Assimilator  
  95  9:03  Pylon  
  95  9:08  Assimilator  
  95  9:10  Probe x2  
  103  9:34  Probe  
Show
View Real Time Build Order
Export as new Build Order

IIIIIIIII Terran 

Build Orders:  

Get SALT Encoding   

  12  0:01  SCV  
  13  0:13  SCV  
  14  0:19  Supply Depot  
  14  0:25  SCV  
  15  0:30  Refinery  
  15  0:40  SCV  
  16  0:45  Barracks  
  16  0:52  SCV  
  17  1:04  SCV  
  18  1:17  SCV  
  19  1:33  Barracks  
  19  1:36  Factory  
  19  1:38  Marine  
  20  1:41  Orbital Command  
  20  1:57  Supply Depot  
  20  2:03  Barracks Reactor  
  20  2:07  SCV  
  21  2:20  Marine  
  21  2:21  Factory Tech Lab  
  22  2:37  Marine  
  22  2:39  Marine x2  
  25  2:45  Siege Tank  
  28  2:55  Marine  
  28  2:57  Marine x2  
  28  2:58  Supply Depot  
  31  3:14  Command Center  
  31  3:19  Marine x2, SCV  
  34  3:23  Marine  
  35  3:33  Siege Tank  
  38  3:37  Marine  
  39  3:45  Supply Depot  
  39  3:54  Marine  
  38  4:17  SCV  
  38  4:26  Marine x2  
  38  4:27  Marine, Command Center  
  38  4:29  SCV  
  42  4:42  Orbital Command  
  42  4:44  Marine  
  42  4:45  Barracks Tech Lab  
  43  4:49  Refinery  
  43  4:57  SCV  
  43  4:58  Refinery  
  44  5:07  Starport  
  44  5:08  Factory Reactor  
  44  5:09  SCV  
  44  5:13  Stimpack  
  44  5:14  Marine x3  
  46  5:18  SCV  
  49  5:21  SCV  
  50  5:43  Marine  
  50  5:44  Marine x2  
  53  5:56  Medivac x2  
  57  6:01  Marine x2  
  57  6:02  Marine  
  57  6:03  Barracks x2  
  60  6:05  Barracks  
  60  6:15  Supply Depot  
  60  6:16  Supply Depot  
  60  6:19  Marine x3  
  63  6:37  Marine x3  
  66  6:41  Supply Depot  
  66  6:52  Marine x2  
  68  6:55  Marine x3  
  68  6:56  Orbital Command  
  71  7:06  Medivac  
  71  7:07  Medivac  
  75  7:14  Combat Shield  
  75  7:16  Marine x2  
  75  7:17  Marine  
  78  7:25  Marine x3  
  81  7:35  Orbital Command  
  81  7:36  Medivac  
  83  7:37  Medivac  
  85  7:54  Supply Depot  
  85  7:57  Supply Depot x2  
  85  8:15  Medivac, Marine x6  
  89  8:33  Marine x5  
  79  8:41  Marine  
  80  8:51  Marine x2  
  80  8:55  Marine x3  
  72  8:59  Marine  
  73  9:09  Marine  
  75  9:13  Marine x3  
  74  9:27  Marine  
  74  9:31  Marine x3  
  77  9:44  Marine  
  77  9:48  Marine  
Show
View Real Time Build Order
Export as new Build Order

Newo Terran 

Build Orders:  

Get SALT Encoding   

  12  0:01  SCV  
  13  0:13  SCV  
  14  0:18  Supply Depot  
  14  0:25  SCV  
  15  0:40  SCV  
  15  0:41  Barracks  
  16  0:52  SCV  
  17  1:04  SCV  
  18  1:18  SCV  
  19  1:27  Command Center  
  19  1:29  Marine  
  19  1:32  SCV  
  21  1:47  Orbital Command  
  21  1:51  Marine  
  21  1:52  Supply Depot  
  22  2:06  Barracks  
  22  2:18  Barracks  
  22  2:22  Marine  
  23  2:24  SCV  
  23  2:38  SCV  
  23  2:40  Orbital Command  
  24  2:44  Barracks  
  24  2:49  Marine  
  24  2:51  SCV  
  26  2:57  Barracks, Marine  
  27  3:03  SCV  
  27  3:05  Marine  
  27  3:07  Marine  
  24  3:17  Marine  
  24  3:24  Marine  
  24  3:25  Marine, SCV  
  27  3:31  SCV  
  27  3:35  Marine  
  27  3:38  SCV  
  29  3:41  Marine  
  29  3:43  SCV  
  29  3:46  Supply Depot, Marine  
  32  3:50  SCV  
  32  3:53  Marine  
  34  3:55  Marine  
  34  3:57  SCV  
  34  3:59  Marine  
  37  4:10  Marine x2  
  37  4:16  Marine  
  37  4:17  Marine x2  
  32  4:18  SCV x2  
  36  4:28  Marine x2  
  38  4:34  Marine  
  38  4:37  Marine x2  
  39  4:44  Command Center  
  39  4:46  Barracks, Marine x2, SCV x2  
  39  4:47  Barracks  
  39  4:51  Supply Depot  
  39  4:52  Supply Depot, Marine  
  44  4:55  Marine  
  44  4:59  SCV  
  47  5:00  Marine, SCV  
  47  5:04  Refinery, Marine x2  
  50  5:12  SCV  
  50  5:13  Refinery, SCV  
  52  5:14  Marine x2  
  52  5:17  Marine  
  55  5:21  Refinery  
  55  5:22  Refinery, Marine  
  55  5:24  Marine  
  55  5:26  SCV  
  58  5:32  Marine, SCV  
  58  5:49  Barracks Tech Lab  
  57  5:50  Marine x2  
  57  5:51  Marine  
  57  5:52  SCV x2  
  62  5:57  SCV  
  63  6:04  Supply Depot, SCV  
  63  6:05  Supply Depot  
  63  6:07  Supply Depot  
  64  6:15  Barracks Tech Lab  
  64  6:16  Stimpack  
  64  6:18  SCV  
  64  6:19  SCV  
  66  6:27  Factory  
  66  6:31  SCV x2  
  66  6:32  Orbital Command  
  65  6:43  Marine x3  
  65  6:44  Marine x4  
  65  6:46  SCV x2  
  73  6:58  SCV x2  
  73  6:59  SCV  
  73  7:01  Marine, Combat Shield  
  76  7:05  Engineering Bay  
  76  7:06  Engineering Bay  
  76  7:08  Supply Depot x3  
  77  7:12  Marine  
  77  7:13  Marine x3  
  77  7:14  Factory Reactor  
  79  7:17  Starport  
  79  7:19  SCV x2  
  58  7:35  SCV, Command Center  
  58  7:40  Terran Infantry Weapons Level 1  
  58  7:41  Terran Infantry Armor Level 1  
  58  7:47  SCV x2  
  60  7:56  Missile Turret  
  60  7:58  Marine x5  
  61  7:59  SCV  
  61  8:00  SCV  
  61  8:02  Marine x2  
  69  8:11  SCV  
  71  8:12  SCV  
  71  8:13  Armory  
  71  8:17  Barracks Reactor  
  71  8:18  Marine x4  
  75  8:23  SCV  
  76  8:27  Medivac x2  
  76  8:32  SCV  
  81  8:35  SCV  
  81  8:36  Barracks Reactor  
  64  8:41  Marine  
  64  8:42  Marine x3  
  64  8:43  Marine  
  64  8:45  SCV  
  45  8:57  Medivac  
  45  8:58  Orbital Command  
  45  8:59  Marine  
  45  9:00  Marine x2  
  45  9:01  Barracks Reactor  
  45  9:02  Marine x2  
  52  9:06  SCV  
  53  9:13  Barracks Reactor  
  53  9:16  Siege Tank  
  56  9:17  Marine  
  56  9:18  Barracks Reactor  
  56  9:19  Marine  
  56  9:22  SCV  
  59  9:27  SCV x2  
  60  9:38  Marine x3, Barracks Reactor  
  60  9:39  Marine x2  
  60  9:40  SCV x2  
  60  9:41  SCV  
  68  9:52  SCV  
  69  9:53  SCV  
Tags
 
Add a new tag
Caveats
  • Supply blocks, unpowered buildings, or Contaminate may cause inaccurate times.
  • Supply counts are checked every 10 seconds.